 Dungeon Crawl Stone Soup version 0.30.1-11-g7821555f0a (webtiles) character file.

Game seed: 15068058597719143401

144 jagang the Slasher (level 5, -6/42 HPs)
             Began as a Human Monk on Jan 2, 2024.
             Mangled by PrincessEmiBear's ghost (15 damage)
             ... on level 3 of the Dungeon on Jan 3, 2024.
             The game lasted 00:07:59 (2799 turns).

jagang the Slasher (Human Monk)                     Turns: 2799, Time: 00:07:59

Health: -6/42      AC:  6    Str: 11    XL:     5   Next: 52%
Magic:  5/5        EV: 11    Int: 10    God:
Gold:   189        SH:  0    Dex: 18    Spells: 4/4 levels left

rFire   . . .        a - +0 falchion
rCold   . . .        d - orb {light}
rNeg    . . .        k - +0 ring mail
rPois   .            g - +1 hat
rElec   .            (no cloak)
rCorr   .            (no gloves)
SInv    .            (no boots)
Will    .....        (no amulet)
Stlth   +            (no ring)
HPRegen 0.27/turn    (no ring)
MPRegen 0.09/turn

%: no passive effects
@: glowing
A: no striking features
a: no special abilities


You were on level 3 of the Dungeon.
You visited 1 branch of the dungeon, and saw 3 of its levels.

You collected 189 gold pieces.

Inventory:

Hand Weapons
 a - a +0 falchion (weapon)
Missiles
 f - a poisoned dart (quivered)
 h - 9 javelins
 r - 8 boomerangs
Armour
 d - an orb of light (worn)
 g - a +1 hat (worn)
 k - a +0 ring mail (worn)
Scrolls
 j - a scroll of fear {unknown}
 m - 2 scrolls of identify {unknown}
 n - 3 scrolls of teleportation {unknown}
 o - a scroll of enchant armour {unknown}
 q - 2 scrolls of fog {unknown}
 s - a scroll of acquirement {unknown}
Potions
 b - a potion of curing {unknown}
 c - a potion of ambrosia
 e - a potion of mutation {unknown}
 i - a potion of flight {unknown}
 l - a potion of might {unknown}
 p - a potion of cancellation {unknown}


   Skills:
 + Level 3.9 Fighting
 + Level 4.0 Long Blades
 + Level 1.4 Throwing
 + Level 2.3 Armour
 - Level 3.0 Dodging


You had 4 spell levels left.
You didn't know any spells.
Your spell library was empty.

Dungeon Overview and Level Annotations

Branches:
Dungeon (3/15)

Altars:

Annotations:
D:3 PrincessEmiBear's ghost, amateur TrMo


Message History

There is a stone staircase leading down, spattered with blood here.
You see here a +0 dagger.
You see here 6 stones.
You see here 6 stones.
There is a stone staircase leading down, spattered with blood here.
You see here a +0 dagger.
You see here a +0 ring mail.
You see here 6 stones.
PrincessEmiBear's ghost turns its malevolent gaze towards you.
Could not explore, unopened runed door.
You open the gate.
PrincessEmiBear's ghost attacks as you move away!
PrincessEmiBear's ghost hits you!
You hit PrincessEmiBear's ghost.
PrincessEmiBear's ghost is lightly damaged.
PrincessEmiBear's ghost closely misses you.
PrincessEmiBear's ghost misses you.
You barely miss PrincessEmiBear's ghost.
PrincessEmiBear's ghost is lightly damaged.
PrincessEmiBear's ghost hits you but does no damage.
You barely miss PrincessEmiBear's ghost.
PrincessEmiBear's ghost is lightly damaged.
PrincessEmiBear's ghost hits you!
You hit PrincessEmiBear's ghost.
PrincessEmiBear's ghost is lightly damaged.
PrincessEmiBear's ghost misses you.
You hit PrincessEmiBear's ghost but do no damage.
PrincessEmiBear's ghost is lightly damaged.
PrincessEmiBear's ghost hits you!
You hit PrincessEmiBear's ghost.
PrincessEmiBear's ghost is lightly damaged.
PrincessEmiBear's ghost closely misses you.
You hit PrincessEmiBear's ghost but do no damage.
PrincessEmiBear's ghost is lightly damaged.
PrincessEmiBear's ghost hits you!
* * * LOW HITPOINT WARNING * * *
You hit PrincessEmiBear's ghost but do no damage.
PrincessEmiBear's ghost is lightly damaged.
PrincessEmiBear's ghost hits you!
You die...

.#...#.##########..# #.#...
.###.#.# ..#.#..#..# #.#..#
####.#.###..($.##..# #.#..#
.....#..#.......#..# #.#..#
##########.....##..# #.#..#
........#.......#..# #.#..#
###########'''###..# #.#..#
#.#....Z##..# #.#..#
#......ZW@..# #.#..#
###...#####.###### #.#..#
#................# #.#..#
########.#.#..####.#########.#...
........>..........#.........#.##
########.......#####.###########
...........#...###...#######
......#....................#
...)..#...#.#..............#


You could see PrincessEmiBear's ghost, a bullfrog zombie and a bullfrog
skeleton.

Vanquished Creatures
  A gnoll (D:3)
  2 adders
  5 worms
  A dart slug (D:3)
  3 orcs (D:3)
  6 ball pythons
  4 bats
  5 endoplasms
  8 giant cockroaches
  7 goblins
  9 hobgoblins
  7 jackals (D:1)
  7 kobolds
  8 quokkas
  2 frilled lizards (D:2)
  12 rats
87 creatures vanquished.

Notes
Turn   | Place    | Note
-------+----------+-------------------------------------------
     0 | D:1      | jagang the Human Monk began the quest for the Orb.
     0 | D:1      | Reached XP level 1. HP: 18/18 MP: 1/1
    22 | D:1      | Reached XP level 2. HP: 24/24 MP: 2/2
    50 | D:1      | Reached skill level 1 in Armour
   138 | D:1      | Reached XP level 3. HP: 24/29 MP: 3/3
   724 | D:2      | Reached XP level 4. HP: 13/36 MP: 4/4
  1551 | D:3      | Found a runed translucent gate.
  1552 | D:3      | Found a runed translucent gate.
  1553 | D:3      | Found a runed translucent gate.
  1556 | D:3      | Noticed PrincessEmiBear's ghost (amateur TrMo)
  1734 | D:3      | Reached skill level 1 in Throwing
  1992 | D:3      | Reached XP level 5. HP: 39/42 MP: 5/5
  2195 | D:3      | Reached skill level 4 in Long Blades
  2200 | D:3      | HP: 2/42 [orc/boomerang (3)]
  2799 | D:3      | Mangled by PrincessEmiBear's ghost

Illustrated notes

Levels and vault maps discovered:
D:1:      tarquinn_simple_flora_water_c, layout_basic
D:2:      layout_rooms, minmay_misc_feat_pillars
D:3:      layout_basic, portal_sewer_entry_b, gammafunk_ghost_necromancy,
          minmay_quantized

Skill      XL: |  1  2  3  4  5 |
---------------+----------------+-----
Armour         | 1 2 |  2.3
Throwing       | 1 |  1.4
Long Blades    | 4 |  4.0
Fighting       | |  3.9
Dodging        | |  3.0

Action                     |  1- 3 |  4- 6 || total
---------------------------+-------+-------++-------
  Melee: Falchion          |    63 |   157 ||   220
  Throw: Dart              |       |     2 ||     2
 Armour: Robe              |     9 |       ||     9
         Ring mail         |       |    71 ||    71
  Dodge: Dodged            |    42 |   124 ||   166
